 Dungeon Crawl Stone Soup version 0.31-a0-819-gf6de2f5ab6 (webtiles) character file.

Game seed: 17730314824479122189

39 qw the Shooter (level 3, 0/22 HPs)
             Began as a Gargoyle Hunter on Sept 23, 2023.
             Slain by Sigmund
             ... wielding a +0 scythe of protection
              (5 damage)
             ... on level 2 of the Dungeon.
             The game lasted 00:00:21 (592 turns).

qw the Shooter (Gargoyle Hunter)                     Turns: 592, Time: 00:00:22

Health: 0/22       AC:  6    Str: 14    XL:     3   Next: 47%
Magic:  3/3        EV: 11    Int:  9    God:
Gold:   111        SH:  0    Dex: 15    Spells: 2/2 levels left

rFire   . . .        Y - +0 shortbow
rCold   . . .        (shield currently unavailable)
rNeg    + . .        c - +0 leather armour
rPois   inf          (no helmet)
rElec   +            (no cloak)
rCorr   .            (no gloves)
SInv    .            (no boots)
Will    .....        (no amulet)
Stlth   ++           (no ring)
HPRegen 0.23/turn    (no ring)
MPRegen 0.08/turn

%: no passive effects
@: no status effects
A: sickness immunity, AC +3, negative energy resistance 1, electricity
resistance, torment resistance 1, petrification resistance
a: no special abilities


You were on level 2 of the Dungeon.
You visited 1 branch of the dungeon, and saw 2 of its levels.

You collected 111 gold pieces.


Innate Abilities, Weirdness & Mutations

You are immune to sickness and miasma.
Your stone body is resilient. (AC +3)
You are immune to poison.
You resist negative energy. (rN+)
You are resistant to electric shocks. (rElec)
You are resistant to unholy torment.
You are immune to petrification.


   Skills:
 + Level 2.6 Fighting
 - Level 5.0 Ranged Weapons
 - Level 1.5 Dodging
 - Level 1.1 Stealth


You had 2 spell levels left.
You didn't know any spells.
Your spell library was empty.

Inventory:

Hand Weapons
 Y - a +0 shortbow (weapon)
Armour
 c - a +0 leather armour (worn)
Potions
 d - a potion of degeneration {unknown}

Dungeon Overview and Level Annotations

Branches:
Dungeon (2/15)

Altars:

Annotations:
D:2 Sigmund


Message History

You shoot an arrow.
The arrow completely misses the endoplasm.
The endoplasm quivers.
You shoot an arrow. The arrow hits the endoplasm!
You kill the endoplasm!
Found a stone staircase leading down.
You now have 111 gold pieces (gained 10).
Sigmund the Dreaded comes into view.
He is wielding a +0 scythe of protection.
You shoot an arrow.
The arrow hits Sigmund but does no damage.
Sigmund shouts!
You shoot an arrow. The arrow barely misses Sigmund.
Sigmund points at you and mumbles some strange words.
The magic dart hits you.
580 ||| FLEEEEING.
Sigmund gestures wildly while chanting.
Sigmund flickers and vanishes!
Deactivating autopickup; reactivate with Ctrl-A.
581 ||| STILL FLEEEEING.
582 ||| STILL FLEEEEING.
You shoot an arrow. You shoot an arrow.
You are confused.
You shoot an arrow. You shoot an arrow. You shoot an arrow. You shoot an arrow.
Something hits you.
You shoot an arrow.
You feel less confused.
A magic dart appears from out of thin air!
The magic dart hits you.
You shoot an arrow. Something hits you!
You shoot an arrow. You shoot an arrow.
You hear some strange, mumbled words.
Something tries to affect you, but you resist.
Something hits you.
You die...

#.#...####.#.#
###.
#.........#.# ..
#...##.......# .#
##.#.+.......#.
###.#.........
#...........##
#..#..###......
##. #..###......
#..###@..#.......
#..............
#.##{#......### #
#..#.>....#
#.###.....# #.#
#.##### #.# #.#
#.# #.# #.# #.#


There were no monsters in sight!

Vanquished Creatures
  An adder (D:2)
  6 bats (D:1)
  2 endoplasms
  3 goblins
  4 hobgoblins (D:1)
  3 jackals (D:1)
  A quokka (D:1)
  3 ball pythons
  2 frilled lizards (D:1)
  A kobold (D:1)
  2 rats
28 creatures vanquished.

Notes
Turn   | Place    | Note
-------+----------+-------------------------------------------
     0 | D:1      | qw the Gargoyle Hunter began the quest for the Orb.
     0 | D:1      | Reached XP level 1. HP: 12/12 MP: 1/1
     0 | D:1      | 0 ||| qw: Version: 0.3-a-83-gcd0e7d8
     0 | D:1      | 0 ||| qw: Game counter: 1384
     0 | D:1      | 0 ||| qw: Melee chars always use a shield: true
     0 | D:1      | 0 ||| qw: God list: Okawaru
     0 | D:1      | 0 ||| qw: Allow faded altars: false
     0 | D:1      | 0 ||| qw: Do Orc after clearing Dungeon:15 true
     0 | D:1      | 0 ||| qw: Do second Lair branch before Depths: true
     0 | D:1      | 0 ||| qw: Lair rune preference: random
     0 | D:1      | 0 ||| qw: Goals: Normal
     0 | D:1      | 0 ||| PLANNING D:1-11
   123 | D:1      | Reached XP level 2. HP: 17/17 MP: 2/2
   349 | D:1      | Reached XP level 3. HP: 21/21 MP: 3/3
   446 | D:1      | 446 ||| READING scroll labelled BIJ HUZIZIF.
   447 | D:1      | 447 ||| READING scroll labelled JEFFUPH FAPU.
   448 | D:1      | 448 ||| READING scroll labelled JOAKLA XEEXTEVASO.
   449 | D:1      | 449 ||| DROPPING scroll of butterflies.
   473 | D:2      | 473 ||| STAIRDANCE
   508 | D:2      | Reached skill level 5 in Ranged Weapons
   577 | D:2      | Noticed Sigmund
   580 | D:2      | 580 ||| FLEEEEING.
   590 | D:2      | HP: 5/22 [something (7)]
   592 | D:2      | Slain by Sigmund

Levels and vault maps discovered:
D:1:      mushboom_english_gardens, layout_rooms
D:2:      minmay_inner_zag, layout_basic, uniq_sigmund

Skill      XL: |  1  2  3 |
---------------+----------+-----
Ranged Weapons | 5 |  5.0
Fighting       | |  2.6
Dodging        | |  1.5
Stealth        | |  1.1

Action                     || total
---------------------------++-------
   Fire: Shortbow          ||    98
    Use: Scroll            ||     3
 Armour: Leather armour    ||    29
  Dodge: Dodged            ||    40

Table legend:
 A = Non-vault XP
 B = Vault XP
 C = Vault XP percentage of total XP
 D = Non-vault monster count
 E = Vault monster count
 F = Vault count percentage of total count
                 A         B        C        D         E       F
            +---------+---------+-------+---------+---------+-------
      Total |      57 |       0 |   0.0 |      28 |       0 |   0.0
            +---------+---------+-------+---------+---------+-------
        D:1 |      36 |       0 |   0.0 |      22 |       0 |   0.0
        D:2 |      21 |       0 |   0.0 |       6 |       0 |   0.0
            +---------+---------+-------+---------+---------+-------
